 Dungeon Crawl Stone Soup version 0.21-a0-521-g1cd18d1 (webtiles) character file.

1714 slep the Cleaver (level 9, 0/69 HPs)
             Began as a Barachi Fighter on Dec 6, 2017.
             Was a Priest of Okawaru.
             Slain by Sigmund
             ... wielding a +0 scythe
              (2 damage)
             ... on level 6 of the Dungeon.
             The game lasted 00:22:33 (5052 turns).

slep the Cleaver (Barachi Fighter)                  Turns: 5052, Time: 00:22:33

Health: 0/69       AC: 10    Str: 18    XL:     9   Next: 4%
Magic:  9/9        EV: 10    Int:  8    God:    Okawaru [***...]
Gold:   118        SH: 10    Dex: 17    Spells: 8/8 levels left

rFire    + + .     SeeInvis .   a - +0 war axe
rCold    . . .     Gourm    +   c - +0 shield
rNeg     + . .     Faith    .   y - +0 scale mail {rF+}
rPois    .         Spirit   .   (no helmet)
rElec    .         Reflect  .   e - +0 cloak
rCorr    .         Harm     .   H - +0 pair of gloves
MR       .....                  (no boots)
Stlth    ..........             F - amulet of the gourmand
HPRegen  0.21/turn              z - ring of protection from fire
MPRegen  0.11/turn              v - ring "Vuuchoq" {rN+ EV+1 Dex+2}

@: slow
A: +LOS, swims, slowness 1, strong legs 1
a: Hop, Heroism, Renounce Religion


You were on level 6 of the Dungeon.
You worshipped Okawaru.
Okawaru was most pleased with you.
You were not hungry.

You visited 1 branch of the dungeon, and saw 6 of its levels.

You collected 302 gold pieces.
You spent 184 gold pieces at shops.

Inventory:

Hand Weapons
 a - a +0 war axe (weapon)
 A - a +2 mace of crushing
Missiles
 n - 44 sling bullets
 u - a throwing net (quivered)
Armour
 b - a +0 scale mail
 c - a +0 shield (worn)
 e - a +0 cloak (worn)
 y - a +0 scale mail of fire resistance (worn)
 H - a +0 pair of gloves (worn)
Jewellery
 g - an uncursed ring of resist corrosion
 v - the ring "Vuuchoq" (right hand) {rN+ EV+1 Dex+2}
   (You bought it in a shop on level 4 of the Dungeon)

   [ring of evasion]

   It affects your evasion (+1).
   It affects your dexterity (+2).
   It protects you from negative energy.
 z - a ring of protection from fire (left hand)
 C - a +3 ring of intelligence
 D - an uncursed ring of positive energy
 F - an amulet of the gourmand (around neck)
Scrolls
 d - a scroll of blinking {unknown}
 i - 6 scrolls of teleportation {unknown}
 j - 6 scrolls of identify {unknown}
 k - 2 scrolls of fear {unknown}
 m - a scroll of magic mapping {unknown}
 o - a scroll of noise {unknown}
 q - a scroll of fog {unknown}
 r - a scroll of random uselessness {unknown}
 E - a scroll of enchant weapon {unknown}
Potions
 l - a potion of resistance
 s - a potion of curing
 w - a potion of flight
 x - a potion of brilliance {unknown}
 B - a potion of heal wounds {unknown}
 I - a potion of berserk rage {unknown}
Books
 G - a book of Minor Magic

   Spells                             Type                      Level
   a - Magic Dart                     Conjuration                  1
   b - Blink                          Translocation                2
   c - Call Imp                       Summoning                    2
   d - Slow                           Hexes                        2
   e - Conjure Flame                  Conjuration/Fire             3
   f - Mephitic Cloud                 Conjuration/Poison/Air       3
Comestibles
 f - 5 bread rations
 h - 2 royal jellies
 p - 3 fruits
 t - 2 meat rations


   Skills:
 + Level 5.9 Fighting
 + Level 8.8 Axes
 + Level 6.4 Armour
 + Level 2.9 Dodging
 + Level 0.9 Stealth
 + Level 5.9 Shields


You had 8 spell levels left.
You didn't know any spells.

Dungeon Overview and Level Annotations

Branches:
Dungeon (6/15)             Temple (0/1) D:4

Altars:
Ashenzari
Gozag
Kikubaaqudgha
Okawaru
Yredelemnul
The Shining One

Shops:
D:4 =

Annotations:
D:6 Sigmund


Innate Abilities, Weirdness & Mutations

Shadows flee at your approach. (+LOS)
You can swim through water.
You cover ground slowly.
You can hop short distances.


Message History

* * * LOW HITPOINT WARNING * * *
Unknown command.
You slash the ogre!
The ogre is almost dead.
Something hits you.
* * * LOW HITPOINT WARNING * * *
You block the ogre's attack.
You hit the ogre.
The ogre is almost dead.
The ogre hits you but does no damage.
You slash the ogre!
You kill the ogre!
Okawaru accepts your kill.
You have reached level 9!
Your experience leads to an increase in your attributes!
Your base attributes are Str 18, Int 8, Dex 14.
Increase (S)trength, (I)ntelligence, or (D)exterity?
You feel agile. Something hits you.
You die...

# ######### .##
##.......##...
#..............
#.#.......#...#
#............#
##...@){..#
#...####..##
##..........$
#.###########
#.# #.# #.# #.#
#.#


There were no monsters in sight!

Vanquished Creatures
  Pikel (D:6)
  A water moccasin (D:6)
  A black bear (D:6)
  A slave (D:6)
  An ogre (D:6)
  A centaur (D:5)
  A sky beast (D:6)
  The ghost of plaidmage the Insei, an amateur DsMo (D:3)
  A bullfrog (D:6)
  A scorpion (D:5)
  A howler monkey (D:6)
  A bullfrog zombie (D:5)
  An orc priest (D:4)
  3 hounds (D:6)
  A jelly (D:6)
  3 orc wizards
  5 worker ants
  12 adders
  A shadow imp (D:5)
  3 oozes
  An adder skeleton (D:5)
  3 worms
  4 dart slugs
  2 leopard geckos
  14 orcs
  2 giant cockroaches
  6 goblins
  9 hobgoblins
  8 jackals
  A quokka (D:4)
  A ball python (D:3)
  3 bats
  6 frilled lizards
  2 jackal skeletons
  7 kobolds
  7 rats
117 creatures vanquished.

Vanquished Creatures (others)
  A slave (D:6)
  2 orcs (D:6)
3 creatures vanquished.

Grand Total: 120 creatures vanquished

Notes
Turn   | Place    | Note
-------+----------+-------------------------------------------
     0 | D:1      | slep the Barachi Fighter began the quest for the Orb.
     0 | D:1      | Reached XP level 1. HP: 18/18 MP: 1/1
    57 | D:1      | Reached XP level 2. HP: 22/25 MP: 2/2
   333 | D:1      | Reached XP level 3. HP: 30/30 MP: 3/3
   632 | D:1      | Reached skill level 3 in Axes
   709 | D:2      | Reached XP level 4. HP: 37/37 MP: 4/4
   769 | D:2      | Found a glowing golden altar of the Shining One.
   770 | D:2      | Noticed an angel
   776 | D:2      | Found a basalt altar of Yredelemnul.
   777 | D:2      | Noticed a profane servitor
   904 | D:2      | Found an opulent altar of Gozag.
  1391 | D:3      | Reached XP level 5. HP: 12/42 MP: 5/5
  1440 | D:3      | Found an iron altar of Okawaru.
  1457 | D:3      | Became a worshipper of Warmaster Okawaru
  1500 | D:3      | Reached skill level 4 in Axes
  1520 | D:3      | Noticed plaidmage's ghost (amateur DsMo)
  1535 | D:3      | Killed plaidmage's ghost
  2050 | D:3      | Reached XP level 6. HP: 42/49 MP: 6/6
  2389 | D:4      | Reached skill level 1 in Dodging
  2400 | D:4      | Reached skill level 5 in Axes
  2400 | D:4      | Reached skill level 5 in Armour
  2766 | D:4      | Found Ygoabof's Jewellery Emporium.
  2775 | D:4      | Bought the ring "Vuuchoq" {rN+ EV+1 Dex+2} for 184 gold pieces
  3080 | D:4      | Found a staircase to the Ecumenical Temple.
  3162 | D:5      | Entered Level 5 of the Dungeon
  3281 | D:5      | Found an ancient bone altar of Kikubaaqudgha.
  3369 | D:5      | Reached XP level 7. HP: 26/55 MP: 7/7
  3417 | D:5      | Found a shattered altar of Ashenzari.
  3551 | D:5      | Reached * piety under Okawaru
  3660 | D:5      | Reached skill level 6 in Axes
  3664 | D:5      | Reached skill level 5 in Shields
  4098 | D:6      | Noticed Pikel
  4128 | D:6      | Killed Pikel
  4128 | D:6      | Reached ** piety under Okawaru
  4128 | D:6      | Reached skill level 5 in Fighting
  4128 | D:6      | Reached skill level 7 in Axes
  4128 | D:6      | Reached XP level 8. HP: 39/62 MP: 8/8
  4549 | D:6      | Reached *** piety under Okawaru
  4549 | D:6      | Reached skill level 8 in Axes
  4579 | D:6      | HP: 3/63 [sky beast (6)]
  5034 | D:6      | Noticed Sigmund
  5048 | D:6      | HP: 3/64 [something/puff of flame (2)]
  5050 | D:6      | HP: 1/64 [something (2)]
  5052 | D:6      | Reached XP level 9. HP: 2/69 MP: 9/9
  5052 | D:6      | Slain by Sigmund

Vault maps used:
D:1:      lightli_arrival_noodles
D:2:      grunt_temple_overflow_holy_war, grunt_gozag_statues, first_bread,
          st_stairs_13
D:3:      dk_noncrumbling_4, hangedman_glass_teeth, okawaru_trees_2
D:4:      minmay_temple_entry_fiery, serial_shops, nicolae_shop_trees
D:5:      nicolae_overflow_hidden_temple, kennysheep_mini_moat
D:6:      minivault_22, kennysheep_nub, uniq_sigmund, uniq_pikel

Skill      XL: |  1  2  3  4  5  6  7  8 |
---------------+-------------------------+-----
Fighting       | 4 5 |  5.9
Armour         | 4 5 6 |  6.4
Axes           | 3 4 5 7 8 |  8.8
Shields        | 4 5 |  5.9
Dodging        | 1 2 |  2.9
Stealth        | |  0.9

Action                   |  1- 3 |  4- 6 |  7- 9 || total
-------------------------+-------+-------+-------++-------
Melee: War axe           |    88 |   211 |   167 ||   466
  Use: Potion            |       |     5 |     5 ||    10
  Eat: Chunk             |       |     9 |    10 ||    19
Armor: Scale mail        |    51 |    84 |    61 ||   196
Dodge: Dodged            |    39 |    76 |    80 ||   195
Block: Shield            |    48 |   127 |    86 ||   261

Table legend:
 A = Spawn XP
 B = Non-spawn XP
 C = Spawn XP percentage of total XP
 D = Spawn monster count
 E = Non-spawn monster count
 F = Spawn count percentage of total count
 G = Total turns spent on level
                    A         B        C        D         E        F      G
               +---------+---------+-------+---------+---------+-------+---------
         Total |       0 |    2449 |   0.0 |       0 |     116 |   0.0 |  5052
               +---------+---------+-------+---------+---------+-------+---------
           D:1 |       0 |      60 |   0.0 |       0 |      33 |   0.0 |   691
           D:2 |       0 |      72 |   0.0 |       0 |      14 |   0.0 |   549
           D:3 |       0 |     193 |   0.0 |       0 |      15 |   0.0 |  1047
           D:4 |       0 |     205 |   0.0 |       0 |      19 |   0.0 |   955
           D:5 |       0 |     367 |   0.0 |       0 |      16 |   0.0 |  1110
           D:6 |       0 |    1552 |   0.0 |       0 |      19 |   0.0 |   700
               +---------+---------+-------+---------+---------+-------+---------
